 Dungeon Crawl Stone Soup version 0.25.1-2-g60ff931df9 (webtiles) character file.

Game seed: 3193693218775577862

1041 gruber the Charmwright (level 8, -18/63 HPs)
             Began as a Gnoll Skald on Oct 8, 2020.
             Was an Initiate of Vehumet.
             Demolished by an orc warrior
             ... wielding a +0 war axe
              (23 damage)
             ... on level 6 of the Dungeon.
             The game lasted 00:06:25 (6882 turns).

gruber the Charmwright (Gnoll Skald)                Turns: 6882, Time: 00:06:26

Health: -18/63     AC:  5    Str: 13    XL:     8   Next: 25%
Magic:  4/16       EV: 14    Int: 17    God:    Vehumet [......]
Gold:   238        SH:  5    Dex: 13    Spells: 5/18 levels left

rFire    + . .     SeeInvis +   y - +0 trident
rCold    . . .     Gourm    .   p - +1 buckler
rNeg     . . .     Faith    .   C - +0 leather armour {MR+}
rPois    .         Spirit   .   B - +0 helmet of Temperance {rF+ Regen+ Dex-3}
rElec    .         Reflect  .   u - scarf {repulsion}
rCorr    .         Harm     .   a - +0 pair of gloves
MR       +....                  (no boots)
Stlth    ++........             (no amulet)
HPRegen  0.60/turn              w - ring of see invisible
MPRegen  0.15/turn              (no ring)

@: very slightly contaminated, repel missiles
A: distributed training, fangs 1, strong nose
a: Renounce Religion


You were on level 6 of the Dungeon.
You worshipped Vehumet.
Vehumet was noncommittal.
You were very hungry.

You visited 2 branches of the dungeon, and saw 7 of its levels.

You collected 238 gold pieces.

Inventory:

Hand Weapons
 y - a +0 trident (weapon)
 A - the +10 mace "Widowmaker" {pain, *Drain +Inv rF+ rN++, unknown}
   (You found it on level 5 of the Dungeon)

   In the hands of one skilled in necromantic magic, it inflicts extra damage on
   living creatures.
   It protects you from fire.
   It greatly protects you from negative energy.
   It lets you turn invisible.
   It causes draining when unequipped.
Missiles
 j - 45 poisoned darts (quivered)
 r - 2 javelins
Armour
 a - a +0 pair of gloves (worn)
 p - a +1 buckler (worn)
 u - a scarf of repulsion (worn)
 B - the +0 helmet of Temperance (worn) {rF+ Regen+ Dex-3}
   (You found it on level 5 of the Dungeon)

   It affects your dexterity (-3).
   It protects you from fire.
   It increases your rate of regeneration.
 C - a +0 leather armour of magic resistance (worn)
Jewellery
 w - a ring of see invisible (left hand)
Scrolls
 c - a scroll of magic mapping {unknown}
 g - 2 scrolls of remove curse
 h - 3 scrolls of teleportation
 k - a scroll of immolation {unknown}
 m - a scroll of blinking {unknown}
 q - 3 scrolls of identify {unknown}
 s - 4 scrolls of enchant armour
 t - a scroll of fog {unknown}
 v - a scroll of fear {unknown}
 z - a scroll of amnesia {unknown}
Potions
 e - a potion of stabbing {unknown}
 f - a potion of heal wounds {unknown}
 i - 2 potions of flight {unknown}
 l - 2 potions of curing {unknown}
 n - a potion of mutation {unknown}
 o - a potion of degeneration {unknown}
 x - 2 potions of might {unknown}
Comestibles
 d - 9 rations


   Skills:
 + Level 5.5 Fighting
 + Level 3.0 Short Blades
 + Level 3.0 Long Blades
 + Level 3.0 Axes
 + Level 3.0 Maces & Flails
 + Level 5.5 Polearms
 + Level 3.0 Staves
 + Level 3.0 Slings
 + Level 3.0 Bows
 + Level 3.0 Crossbows
 + Level 3.0 Throwing
 + Level 4.0 Armour
 + Level 5.5 Dodging
 + Level 3.0 Stealth
 + Level 3.0 Shields
 + Level 3.0 Unarmed Combat
 + Level 5.9 Spellcasting
 + Level 2.4 Conjurations
 + Level 2.4 Hexes
 + Level 6.0 Charms
 + Level 2.4 Summonings
 + Level 2.4 Necromancy
 + Level 2.4 Translocations
 + Level 2.4 Transmutations
 + Level 2.4 Fire Magic
 + Level 2.4 Ice Magic
 + Level 2.4 Air Magic
 + Level 2.4 Earth Magic
 + Level 2.4 Poison Magic
 + Level 3.3 Invocations
 + Level 3.0 Evocations


You had 5 spell levels left.
You knew the following spells:

 Your Spells              Type           Power        Failure   Level  Hunger
a - Infusion              Chrm           ####         1%          1    None
b - Song of Slaying       Chrm           ####....     2%          2    None
c - Shroud of Golubria    Chrm/Tloc      ###...       4%          2    None
d - Spectral Weapon       Hex/Chrm       ###.....     10%         3    ##.....
e - Blink                 Tloc           N/A          10%         2    None
f - Mephitic Cloud        Conj/Pois/Air  ##......     21%         3    ##.....

Your spell library contained the following spells:

 Spells                   Type           Power        Failure   Level  Hunger
 Magic Dart               Conj           ##..         7%          1    None
 Call Imp                 Summ           ##......     10%         2    None
 Slow                     Hex            ##......     10%         2    None
 Ozocubu's Armour         Chrm/Ice       ###.....     10%         3    ##.....
 Conjure Flame            Conj/Fire      ##......     21%         3    ##.....


Dungeon Overview and Level Annotations

Branches:
Dungeon (6/15)             Temple (1/1) D:5

Altars:
Ashenzari
Cheibriados
Dithmenos
Elyvilon
Fedhas
Gozag
Hepliaklqana
Kikubaaqudgha
Makhleb
Nemelex Xobeh
Okawaru
Qazlal
Ru
Sif Muna
Uskayaw
Vehumet
Wu Jian
Xom
Yredelemnul
Zin
The Shining One


Innate Abilities, Weirdness & Mutations

Your experience applies equally to all skills.
You have very sharp teeth.
Your uncanny sense of smell can sniff out nearby items.


Message History

Unknown command.
Attack whom?
Press: ? - help, Dir - move target cursor, f/p - orc warrior
Aim: an orc warrior, wielding a +0 war axe, wearing a +0 plate armour, wearing an uncursed ring of wizardry and quivering 11 stones (almost dead)
You hit the orc warrior but do no damage.
The orc warrior is almost dead.
Your song has ended.
Your spectral weapon barely misses the orc warrior.
The orc warrior hits you with a +0 war axe!
* * * LOW HITPOINT WARNING * * *
Unknown command.
Unknown command.
Attack whom?
Press: ? - help, Dir - move target cursor, f/p - orc warrior
Aim: an orc warrior, wielding a +0 war axe, wearing a +0 plate armour, wearing an uncursed ring of wizardry and quivering 11 stones (almost dead)
You hit the orc warrior but do no damage.
The orc warrior is almost dead.
Your spectral weapon barely misses the orc warrior.
The orc warrior hits you with a +0 war axe!!
You die...

##### #
#...##)####.
#((@o(s.....
#..(##.###..
##.## # ∆
#.# ##.#
#..# #.##
#.# #.#


You could see an orc warrior, a scorpion and a friendly spectral +0 trident.

Vanquished Creatures
  2 ice beasts
  A phantom (D:4)
  2 centaurs
  An ogre (D:6)
  2 crimson imps
  2 hounds
  An orc priest (D:6)
  A jelly (D:6)
  An orc wizard (D:5)
  A gnoll shaman (D:5)
  2 worker ants
  10 adders
  3 gnolls (D:5)
  2 shadow imps (D:5)
  An adder skeleton (D:4)
  2 worms
  2 dart slugs
  6 leopard geckos
  17 orcs
  3 ball pythons
  7 giant cockroaches
  6 goblins
  7 hobgoblins
  7 jackals
  A quokka (D:3)
  8 bats
  2 frilled lizards
  7 kobolds
  7 rats
114 creatures vanquished.

Vanquished Creatures (others)
  A wyvern skeleton (D:6)
  2 orc wizards (D:6)
  An adder zombie (D:6)
  An orc (D:6)
  3 spectral weapons (D:6)
8 creatures vanquished.

Grand Total: 122 creatures vanquished

Notes
Turn   | Place    | Note
-------+----------+-------------------------------------------
     0 | D:1      | gruber the Gnoll Skald began the quest for the Orb.
     0 | D:1      | Reached XP level 1. HP: 20/20 MP: 6/6
    35 | D:1      | Reached XP level 2. HP: 15/26 MP: 2/7
    39 | D:1      | Learned a level 2 spell: Song of Slaying
    42 | D:1      | Learned a level 2 spell: Shroud of Golubria
   629 | D:1      | Reached XP level 3. HP: 30/31 MP: 9/9
   841 | D:2      | Reached skill level 5 in Spellcasting
   974 | D:2      | Found an ancient bone altar of Kikubaaqudgha.
   974 | D:2      | Found a blossoming altar of Fedhas.
   988 | D:2      | Found an opulent altar of Gozag.
  1025 | D:2      | Reached skill level 1 in Invocations
  1041 | D:2      | Reached skill level 1 in Short Blades
  1041 | D:2      | Reached skill level 1 in Long Blades
  1041 | D:2      | Reached skill level 1 in Axes
  1041 | D:2      | Reached skill level 1 in Maces & Flails
  1041 | D:2      | Reached skill level 1 in Staves
  1041 | D:2      | Reached skill level 1 in Slings
  1041 | D:2      | Reached skill level 1 in Bows
  1041 | D:2      | Reached skill level 1 in Crossbows
  1041 | D:2      | Reached skill level 1 in Throwing
  1041 | D:2      | Reached skill level 1 in Stealth
  1041 | D:2      | Reached skill level 1 in Shields
  1041 | D:2      | Reached skill level 1 in Unarmed Combat
  1041 | D:2      | Reached skill level 1 in Evocations
  1144 | D:2      | You fall into a shaft and drop 1 floor!
  1144 | D:3      | Found a basalt altar of Yredelemnul.
  1188 | D:3      | Reached XP level 4. HP: 38/38 MP: 4/11
  1308 | D:3      | Learned a level 3 spell: Spectral Weapon
  1311 | D:3      | Learned a level 2 spell: Blink
  1315 | D:3      | Learned a level 3 spell: Mephitic Cloud
  1347 | D:3      | Reached skill level 1 in Conjurations
  1347 | D:3      | Reached skill level 1 in Hexes
  1347 | D:3      | Reached skill level 1 in Summonings
  1347 | D:3      | Reached skill level 1 in Necromancy
  1347 | D:3      | Reached skill level 1 in Translocations
  1347 | D:3      | Reached skill level 1 in Transmutations
  1347 | D:3      | Reached skill level 1 in Fire Magic
  1347 | D:3      | Reached skill level 1 in Ice Magic
  1347 | D:3      | Reached skill level 1 in Air Magic
  1347 | D:3      | Reached skill level 1 in Earth Magic
  1347 | D:3      | Reached skill level 1 in Poison Magic
  1808 | D:2      | Reached XP level 5. HP: 43/43 MP: 12/12
  2589 | D:2      | Found a shimmering blue altar of Sif Muna.
  3307 | D:3      | Found a shadowy altar of Dithmenos.
  3309 | D:3      | Found a hide-covered altar of Uskayaw.
  3310 | D:3      | Found a shattered altar of Ashenzari.
  3778 | D:4      | Noticed a phantom
  3790 | D:4      | Reached XP level 6. HP: 50/50 MP: 1/13
  4201 | D:4      | Noticed an ice beast
  4273 | D:4      | Killed an ice beast
  4273 | D:4      | Reached skill level 5 in Fighting
  4273 | D:4      | Reached skill level 5 in Polearms
  4273 | D:4      | Reached skill level 5 in Dodging
  4335 | D:4      | Killed a phantom
  4335 | D:4      | Reached XP level 7. HP: 45/56 MP: 3/15
  4557 | D:5      | Entered Level 5 of the Dungeon
  5272 | D:5      | Got a spiked helmet
  5278 | D:5      | Identified the +0 helmet of Temperance {rF+ Regen+ Dex-3}
                  | (You found it on level 5 of the Dungeon)
  5438 | D:5      | Found a staircase to the Ecumenical Temple.
  5632 | D:5      | Got a translucent mace
  5668 | Temple   | Entered the Ecumenical Temple
  5951 | Temple   | Became a worshipper of Vehumet
  6389 | D:6      | Reached skill level 6 in Charms
  6389 | D:6      | Reached XP level 8. HP: 35/63 MP: 10/16
  6882 | D:6      | Demolished by an orc warrior

Illustrated notes

Levels and vault maps discovered:
D:1:      minmay_arrival_four_loops, layout_basic, minmay_misc_feat_nine_boxes
D:2:      layout_basic, grunt_temple_overflow_growth_and_decay,
          nicolae_gozag_cash_rules_everything_around_me, lemuel_blue_sif_altar,
          minmay_pentomino_r4
D:3:      layout_loops_ring, minitemple
D:4:      layout_basic, first_ration, nrook_campfire, minmay_liquid_box,
          kennysheep_pointless_box
D:5:      layout_layer_cave, minmay_temple_entry_hall
D:6:      layout_loops_ring, lemuel_flamethrower_2
Temple:   oiseaux_autumnal_temple

Skill      XL: |  1  2  3  4  5  6  7  8 |
---------------+-------------------------+-----
Spellcasting   | 5 |  5.9
Invocations    | 1 2 3 |  3.3
Short Blades   | 1 2 3 |  3.0
Long Blades    | 1 2 3 |  3.0
Axes           | 1 2 3 |  3.0
Maces & Flails | 1 2 3 |  3.0
Staves         | 1 2 3 |  3.0
Slings         | 1 2 3 |  3.0
Bows           | 1 2 3 |  3.0
Crossbows      | 1 2 3 |  3.0
Throwing       | 1 2 3 |  3.0
Stealth        | 1 2 3 |  3.0
Shields        | 1 2 3 |  3.0
Unarmed Combat | 1 2 3 |  3.0
Evocations     | 1 2 3 |  3.0
Conjurations   | 1 2 |  2.4
Hexes          | 1 2 |  2.4
Summonings     | 1 2 |  2.4
Necromancy     | 1 2 |  2.4
Translocations | 1 2 |  2.4
Transmutations | 1 2 |  2.4
Fire Magic     | 1 2 |  2.4
Ice Magic      | 1 2 |  2.4
Air Magic      | 1 2 |  2.4
Earth Magic    | 1 2 |  2.4
Poison Magic   | 1 2 |  2.4
Armour         | 3 4 |  4.0
Fighting       | 5 |  5.5
Polearms       | 5 |  5.5
Dodging        | 5 |  5.5
Charms         | 6 |  6.0

Action                   |  1- 3 |  4- 6 |  7- 9 || total
-------------------------+-------+-------+-------++-------
Melee: Spear             |   117 |   187 |       ||   304
       Bite              |     7 |    23 |     9 ||    39
       Trident           |       |    25 |    95 ||   120
Throw: Dart              |     5 |       |       ||     5
 Cast: Infusion          |     4 |     6 |     2 ||    12
       Song of Slaying   |     3 |     3 |     3 ||     9
       Shroud of Golubri |     1 |     5 |       ||     6
       Spectral Weapon   |       |     5 |    11 ||    16
  Use: Scroll            |       |       |     4 ||     4
 Stab: Sleeping          |     5 |     2 |       ||     7
  Eat: Chunk             |     1 |    10 |     5 ||    16
       Ration            |       |       |     1 ||     1
Armor: Leather armour    |    22 |    16 |    12 ||    50
Dodge: Dodged            |    79 |   110 |    58 ||   247
       Repelled          |       |     3 |     2 ||     5
Block: Buckler           |       |    27 |    15 ||    42
